 Dungeon Crawl Stone Soup version 0.26-b1-32-g5d43845318 (webtiles) character file.

Game seed: 5121809785125054341

157 Azzok the Skirmisher (level 5, -2/63 HPs)
             Began as a Demonspawn Berserker on Jan 11, 2021.
             Was a Believer of Trog.
             Slain by an orc wizard
             ... wielding a +0 dagger
              (5 damage)
             ... on level 3 of the Dungeon.
             The game lasted 00:02:36 (2407 turns).

Azzok the Skirmisher (Demonspawn Berserker)         Turns: 2407, Time: 00:02:36

Health: -2/63      AC:  3    Str: 19    XL:     5   Next: 15%
Magic:  5/5        EV: 13    Int:  8    God:    Trog [**....]
Gold:   133        SH:  0    Dex: 12    Spells: 4/4 levels left

rFire    . . .     SeeInvis .   e - +1 mace (drain)
rCold    . . .     Faith    .   (no shield)
rNeg     . . .     Spirit   .   b - +0 animal skin
rPois    .         Reflect  .   (helmet restricted)
rElec    .         Harm     .   (no cloak)
rCorr    .         Rampage  .   (no gloves)
Will     .....                  k - +0 pair of boots
Stlth    ..........             c - amulet of inaccuracy (curse)
HPRegen  0.20/turn              (no ring)
MPRegen  0.09/turn              (no ring)

@: berserking (expiring), very quick
A: antennae 1, powered by death 1
a: Renounce Religion, Berserk, Trog's Hand


You were on level 3 of the Dungeon.
You worshipped Trog.
Trog was pleased with you.
You visited 1 branch of the dungeon, and saw 3 of its levels.

You collected 133 gold pieces.

Inventory:

Hand Weapons
 a - a +0 hand axe
 e - a +1 mace of draining (weapon)
Missiles
 j - 14 poisoned darts
Armour
 b - a +0 animal skin (worn)
 k - a +0 pair of boots (worn)
Jewellery
 c - a cursed amulet of inaccuracy (around neck)
 g - an uncursed amulet of the acrobat
Scrolls
 l - a scroll of amnesia {unknown}
 n - a scroll of enchant armour {unknown}
Potions
 d - a potion of cancellation
 f - a potion of resistance {unknown}
 h - a potion of degeneration {unknown}
 i - a potion of lignification {unknown}
 m - 2 potions of brilliance {unknown}


   Skills:
 + Level 3.8 Fighting
 + Level 3.5 Axes
 + Level 2.8 Armour
 + Level 2.9 Dodging


You had 4 spell levels left.
You didn't know any spells.
Your spell library was empty.

Dungeon Overview and Level Annotations

Branches:
Dungeon (3/15)

Altars:
Elyvilon
Gozag


Innate Abilities, Weirdness & Mutations

You have a pair of small antennae on your head.
You regenerate a little health from kills.


Message History

You have reached level 5!
Your demonic ancestry asserts itself...
A pair of antennae grows on your head!
You barely miss the orc wizard.
The orc wizard hits you with a +0 dagger.
* * * LOW HITPOINT WARNING * * *
You miss the orc wizard.
The orc wizard casts a spell.
The orc wizard seems to speed up.
You closely miss the orc wizard.
The orc wizard hits you with a +0 dagger.
* * * LOW HITPOINT WARNING * * *
You miss the orc wizard.
The orc wizard hits you with a +0 dagger.
* * * LOW HITPOINT WARNING * * *
The orc wizard closely misses you.
You sock the orc wizard!
The orc wizard is severely wounded.
The orc wizard hits you with a +0 dagger.
You die...

· ·▒ ▒▒▒·▒▒▒ ▒▒▒▒
▒····· ·····▒▒▒·▒·▒
o··········▒▒▒▒▒
·oo·············
▒·▒▒▒▒·▒▒o)···▒▒ ▒·▒
▒·▒ ▒·▒▒@▒·▒·▒
·▒▒▒▒▒·▒ ▒·▒·)··▒
··(···▒·▒ ▒·▒····▒▒
▒·▒▒··▒·▒ ▒·······▒
▒·▒···▒·▒ ▒·······▒
▒▒·······▒▒▒▒·······▒
··········>·)·▒···▒▒▒
··········▒▒▒·▒···▒
▒········▒▒ ▒·▒▒▒·▒


You could see an orc wizard (fast).

Vanquished Creatures
  An orc wizard (D:3)
  An orc priest (D:3)
  3 adders
  An ooze (D:2)
  3 dart slugs
  5 leopard geckos
  2 orcs (D:3)
  3 giant cockroaches
  4 goblins
  7 hobgoblins
  A quokka (D:2)
  3 bats
  14 frilled lizards (D:2)
  5 kobolds
  5 rats
58 creatures vanquished.

Vanquished Creatures (others)
  4 plants (D:2)
4 creatures vanquished.

Grand Total: 62 creatures vanquished

Notes
Turn   | Place    | Note
-------+----------+-------------------------------------------
     0 | D:1      | Azzok the Demonspawn Berserker began the quest for the Orb.
     0 | D:1      | Reached XP level 1. HP: 18/18 MP: 1/1
   319 | D:1      | Gained mutation: You regenerate a little health from kills.
                  | [demonic ancestry]
   319 | D:1      | Reached XP level 2. HP: 24/24 MP: 2/2
   977 | D:1      | Reached ** piety under Trog
   978 | D:1      | Reached XP level 3. HP: 29/29 MP: 3/3
  1603 | D:2      | Reached XP level 4. HP: 24/35 MP: 4/4
  1770 | D:2      | Found an opulent altar of Gozag.
  1835 | D:2      | Found a white marble altar of Elyvilon.
  2403 | D:3      | Gained mutation: You have a pair of small antennae on your
                  | head. [demonic ancestry]
  2403 | D:3      | Reached XP level 5. HP: 6/42 MP: 5/5
  2406 | D:3      | HP: 3/63 [orc wizard/+0 dagger (1)]
  2407 | D:3      | Slain by an orc wizard

Illustrated notes

Levels and vault maps discovered:
D:1:      scummos_arrival_forest, layout_loops_cross, hangedman_decor_push
D:2:      layout_basic, elyvilon_altar_4, lemuel_doored_altar,
          minmay_lizard_king
D:3:      minmay_recursive_quarters, layout_loops_ring

Skill      XL: |  1  2 |
---------------+-------+-----
Armour         | 2 |  2.8
Dodging        | 2 |  2.9
Axes           | 3 |  3.5
Fighting       | |  3.8

Action                   |  1- 3 |  4- 6 || total
-------------------------+-------+-------++-------
Melee: Hand axe          |    21 |       ||    21
       Mace              |   126 |    61 ||   187
Invok: Berserk           |     1 |     1 ||     2
  Use: Scroll            |     2 |     1 ||     3
 Stab: Sleeping          |     2 |       ||     2
Armor: Animal skin       |    20 |    19 ||    39
Dodge: Dodged            |    99 |    49 ||   148
